Map: 2000 Atmospheres LE

Players

Nice

  • Race: Protoss Protoss

Spanmeister

  • Race: Terran Terran

Event: DreamHack SC2 Masters Last Chance 2022

VOD

Have the link to the VOD?

Description

Time

  • Played on: Dec. 15, 2021, 4:43 a.m.
  • Length: 3:28

All games in this series

Show
View Real Time Build Order
Export as new Build Order

Nice Protoss 

Build Orders:  

Get SALT Encoding   

  12  0:01  Probe  
  13  0:13  Probe  
  14  0:19  Pylon  
  14  0:25  Probe (Chrono Boost)  
  15  0:39  Probe (Chrono Boost)  
  15  0:40  Gateway  
  16  0:44  Probe (Chrono Boost)  
  17  0:50  Assimilator  
  17  0:54  Probe  
  18  1:06  Probe  
  18  1:11  Assimilator  
  19  1:18  Probe  
  20  1:28  Cybernetics Core  
  20  1:30  Probe  
  21  1:42  Probe, Pylon  
  22  1:54  Probe  
  23  2:04  Adept (Chrono Boost)  
  23  2:06  Probe, Stargate  
  26  2:13  Shield Battery  
  26  2:28  Pylon  
  26  2:29  Adept  
  27  2:30  Probe  
  28  2:40  Void Ray (Chrono Boost)  
  32  3:05  Shield Battery  
  32  3:07  Shield Battery  
  32  3:09  Shield Battery  
  36  3:26  Shield Battery  
Show
View Real Time Build Order
Export as new Build Order

Spanmeister Terran 

Build Orders:  

Get SALT Encoding   

  12  0:00  SCV  
  13  0:12  SCV  
  14  0:17  Supply Depot  
  14  0:25  SCV  
  14  0:27  Refinery  
  15  0:39  SCV  
  16  0:47  Barracks  
  16  0:53  Refinery  
  16  1:01  Supply Depot  
  16  1:13  SCV  
  17  1:25  SCV  
  19  1:40  Reaper  
  19  1:42  Orbital Command  
  19  1:52  Factory  
  19  2:09  SCV  
  19  2:12  Reaper  
  21  2:25  SCV  
  22  2:37  Hellion  
  22  2:38  SCV  
  22  2:41  Command Center  
  25  2:50  SCV  
  27  3:02  SCV  
  27  3:03  Marine  
  27  3:21  Factory Tech Lab  

Tags
 
Add a new tag
Caveats
  • Supply blocks, unpowered buildings, or Contaminate may cause inaccurate times.
  • Supply counts are checked every 10 seconds.